 Dungeon Crawl Stone Soup version 0.31.0-32-g396128a36d (webtiles) character file.

Game seed: 11070962827563205562

438 spaghetti the Trooper (level 7, -4/48 HPs)
             Began as a Tengu Chaos Knight on Mar 10, 2024.
             Was a Plaything of Xom.
             Slain by an iguana (9 damage)
             ... on level 4 of the Dungeon.
             The game lasted 00:04:04 (3141 turns).

spaghetti the Trooper (Tengu Chaos Knight)          Turns: 3141, Time: 00:04:05

Health: -4/48      AC:  4    Str: 18    XL:     7   Next: 1%
Magic:  8/8        EV: 31    Int: 14    God:    Xom [..*...]
Gold:   273        SH:  0    Dex: 14    Spells: 6/6 levels left

rFire   + . .        r - +2 dagger (venom)
rCold   . . .        (no shield)
rNeg    . . .        n - +2 robe {rF+}
rPois   .            (helmet restricted)
rElec   .            (no cloak)
rCorr   .            (no gloves)
SInv    .            (boots unavailable)
Will    +....        (no amulet)
Stlth   +            m - +6 ring of strength
HPRegen 0.28/turn    q - ring of willpower
MPRegen 0.11/turn

%: acrobat
@: acrobatic, attractive, flying
A: beak, talons 3, evasive flight, acrobatic, wild magic 1, MP-powered wands
a: Renounce Religion


You were on level 4 of the Dungeon.
You worshipped Xom.
You were a toy of Xom.
You visited 1 branch of the dungeon, and saw 4 of its levels.

You collected 273 gold pieces.

Inventory:

Hand Weapons
 a - a +0 spear of draining
 k - the +1 spear "Xashrela" {protect, *Corrode rPois Dex+9}
   (You found it on level 2 of the Dungeon)

   Dex+9:     It affects your dexterity (+9).
   rPois:     It protects you from poison *Corrode: It may corrode you when you
   take damage.
 o - a +1 dagger of venom
 r - a +2 dagger of venom (weapon)
Armour
 b - a +2 leather armour
 n - a +2 robe of fire resistance (worn)
Magical Staves
 c - a staff of cold
Jewellery
 m - a +6 ring of strength (left hand)
 p - a ring of fire
 q - a ring of willpower (right hand)
Scrolls
 d - a scroll of noise
 e - a scroll of immolation
 h - a scroll of enchant armour
 j - a scroll of fog
Potions
 f - a potion of brilliance
 g - a potion of magic
 i - a potion of might
 l - a potion of mutation


   Skills:
 + Level 7.7 Fighting
 - Level 3.2 Polearms
 - Level 2.1 Armour
 - Level 1.1 Dodging


You had 6 spell levels left.
You didn't know any spells.
Your spell library was empty.

Dungeon Overview and Level Annotations

Branches:
Dungeon (4/15)             Temple (0/1) D:4

Altars:
Nemelex Xobeh
Okawaru

Shops:
D:2 (


Innate Abilities, Weirdness & Mutations

You have a beak for a mouth.
You have claws for feet.
Your magical flight helps you evade attacks. (EV +4)
You can magically evade attacks while moving or waiting.
Your spells are a little harder to cast, but a little more powerful.
You expend magic power (3 MP) to strengthen your wands.


Message History

You peck the sleepcap, but do no damage.
The sleepcap is lightly damaged.
The sleepcap releases spores at you.
You are engulfed in a cloud of soporific spores!
You fall asleep.
The orc hits you from afar with a +0 trident!!
You wake up.
* * * LOW HITPOINT WARNING * * *
The orc is attracted toward you.
Okay, then.
Okay, then.
You aren't carrying any items that you can evoke.
The orc attacks as it pursues you! The orc completely misses you.
You hit the sleepcap but do no damage. You peck the sleepcap.
The sleepcap is moderately damaged.
The sleepcap releases spores at you.
* * * LOW HITPOINT WARNING * * *
The orc barely misses you.
Okay, then.
Okay, then.
The sleepcap attacks as it pursues you! The sleepcap closely misses you.
You see here a +0 pair of boots.
Unknown command.
Reactivating autopickup.
You feel a bit more experienced. The sleepcap attacks as it pursues you!
The sleepcap barely misses you. The orc is attracted toward you. x3
You have reached level 7!
Your magical nature develops, letting you fly evasively.
The orc attacks as it pursues you! The orc completely misses you.
The orc is attracted toward you. x2
The sleepcap attacks as it pursues you! The sleepcap completely misses you.
The orc is attracted toward you. x2
The sleepcap attacks as it pursues you! The sleepcap misses you.
The orc is attracted toward you.
An iguana comes into view.
The iguana hisses angrily.
The iguana moves out of view.
The orc is attracted toward you.
The sleepcap looks more healthy.
The iguana bites you!
You die...

#.## #o# #§# ##§# #[.#
###### ####.##
#....#########....# ####
####....#.oo.o§#### ...#
####.@f###### ...#
#...l### ...#
##......##### ...###
#...........#
.....########...........#
........................#
.............###........#
....#.#...##............#
#.#...........##........##


You could see a sleepcap, an iguana and 3 orcs.

Vanquished Creatures
  A hound (D:4)
  2 orc priests
  Jessica (D:3)
  Natasha (thrice) (D:2)
  4 orc wizards
  A gnoll (D:3)
  3 adders
  A ribbon worm (D:4)
  A dart slug (D:4)
  17 orcs
  3 ball pythons
  10 endoplasms
  9 goblins
  6 hobgoblins
  4 jackals (D:3)
  4 quokkas
  5 bats
  3 frilled lizards (D:3)
  12 kobolds
  4 rats
94 creatures vanquished.

Notes
Turn   | Place    | Note
-------+----------+-------------------------------------------
     0 | D:1      | spaghetti the Tengu Chaos Knight began the quest for the
                  | Orb.
     0 | D:1      | Reached XP level 1. HP: 14/14 MP: 2/2
   266 | D:1      | Reached XP level 2. HP: 19/19 MP: 3/3
   427 | D:1      | Gained mutation: Your spells are a little harder to cast,
                  | but a little more powerful. [potion of mutation]
   427 | D:1      | Gained mutation: You expend magic power (3 MP) to
                  | strengthen your wands. [potion of mutation]
   512 | D:1      | Reached skill level 4 in Fighting
   544 | D:1      | Found a faded altar of an unknown god.
   569 | D:1      | XOM: divination: detect items
   600 | D:1      | Reached XP level 3. HP: 24/24 MP: 4/4
   660 | D:1      | XOM: silly message
  1162 | D:2      | Found Xoguhofe's Antique Weapon Shop.
  1199 | D:2      | Identified the +1 spear "Xashrela" {protect, *Corrode rPois
                  | Dex+9}
  1260 | D:2      | Noticed Natasha
  1268 | D:2      | XOM: butterfly on damage
  1270 | D:2      | Killed Natasha
  1271 | D:2      | Reached XP level 4. HP: 23/30 MP: 5/5
  1330 | D:2      | Noticed Natasha
  1333 | D:2      | XOM is BORED!
  1333 | D:2      | XOM: noise
  1341 | D:2      | Killed Natasha
  1342 | D:2      | Reached skill level 5 in Fighting
  1382 | D:2      | Noticed Natasha
  1386 | D:2      | XOM: noise
  1387 | D:2      | Killed Natasha
  1388 | D:2      | Reached XP level 5. HP: 23/35 MP: 6/6
  1773 | D:3      | Found an iron altar of Okawaru.
  1790 | D:3      | Reached skill level 6 in Fighting
  2047 | D:3      | XOM: smoke on damage
  2144 | D:3      | Noticed Jessica
  2156 | D:3      | Killed Jessica
  2157 | D:3      | Reached XP level 6. HP: 33/42 MP: 7/7
  2163 | D:3      | XOM: silly message
  2410 | D:4      | XOM: silly message
  2498 | D:4      | XOM: divination: detect items
  2507 | D:4      | Reached skill level 7 in Fighting
  2509 | D:4      | Found a sparkling altar of Nemelex Xobeh.
  2693 | D:3      | HP: 1/44 [orc priest/nerve-wracking pain (7)]
  3024 | D:4      | XOM: silly message
  3113 | D:4      | Found a staircase to the Ecumenical Temple.
  3125 | D:4      | XOM: potion effect (attraction)
  3130 | D:4      | HP: 2/44 [sleepcap (5)]
  3133 | D:4      | Gained mutation: Your magical flight helps you evade
                  | attacks. (EV +4) [Tengu growth]
  3133 | D:4      | Reached XP level 7. HP: 3/48 MP: 8/8
  3141 | D:4      | Slain by an iguana

Illustrated notes

Levels and vault maps discovered:
D:1:      minmay_arrival_split_and_join, layout_basic,
          ebering_ecumenical_altar_rust, minmay_tiny_reverse_x
D:2:      layout_rooms, serial_shops, nicolae_shop_window_shopping, uniq_natasha
D:3:      layout_loops_ring, okawaru_altar_gauntlet_db, uniq_jessica
D:4:      layout_rooms, mainiacjoe_overflow_alcove_4, minmay_temple_entry_tees

Skill      XL: |  1  2  3  4  5  6 |
---------------+-------------------+-----
Fighting       | 4 5 6 7 |  7.7
Polearms       | |  3.2
Armour         | |  2.1
Dodging        | |  1.1

Action                     |  1- 3 |  4- 6 |  7- 9 || total
---------------------------+-------+-------+-------++-------
  Melee: Spear             |    71 |    87 |       ||   158
         Kick              |    12 |    50 |       ||    62
         Peck              |     5 |    33 |       ||    38
         Dagger            |       |    84 |       ||    84
    Use: Potion            |     3 |     3 |       ||     6
         Scroll            |     4 |     2 |       ||     6
   Stab: Sleeping          |     4 |     4 |       ||     8
         Paralysed         |     1 |       |       ||     1
         Distracted        |       |     1 |       ||     1
 Armour: Leather armour    |    15 |    50 |       ||    65
         Robe              |       |    35 |     1 ||    36
  Dodge: Dodged            |    12 |    89 |     3 ||   104
